 Dungeon Crawl Stone Soup version 0.25-a0-35-g747a2b3c0c (webtiles) character file.

Game seed: 2863898259387512905, levelgen mode: deterministic

28 Chiseanne the Magician (level 2, 0/19 HPs)
             Began as a Demonspawn Wizard on Oct 19, 2019.
             Slain by an adder (5 damage)
             ... on level 1 of the Dungeon.
             The game lasted 00:03:02 (1899 turns).

Chiseanne the Magician (Demonspawn Wizard)          Turns: 1899, Time: 00:03:02

Health: 0/19       AC:  5    Str:  6 (7)  XL:     2   Next: 96%
Magic:  4/6        EV: 17    Int: 21 (24) God:
Gold:   16         SH:  0    Dex: 14 (16) Spells: 5/8 levels left

rFire    . . .     SeeInvis .   a - +3 club {** Badass Ugly Stick **}
rCold    . . .     Gourm    .   (no shield)
rNeg     . . .     Faith    .   k - +0 robe
rPois    .         Spirit   .   n - +0 helmet
rElec    .         Reflect  .   (no cloak)
rCorr    .         Harm     .   (no gloves)
MR       .....                  (no boots)
Stlth    +++.......             (no amulet)
HPRegen  0.06/turn              (no ring)
MPRegen  0.10/turn              (no ring)

@: brilliant, agile
A: slimy green scales 1
a: no special abilities


You were on level 1 of the Dungeon.
You were not hungry.

You visited 1 branch of the dungeon, and saw 2 of its levels.

You collected 16 gold pieces.

Inventory:

Hand Weapons
 a - a +3 club (weapon) {** Badass Ugly Stick **}
Missiles
 g - 26 stones (quivered)
 j - 17 arrows
Armour
 k - a +0 robe (worn)
 n - a +0 helmet (worn)
Potions
 c - a potion of mutation
Comestibles
 b - 2 chunks of flesh
 d - 3 rations


   Skills:
 - Level 1.7 Dodging
 - Level 1.7 Stealth
 * Level 3.5 Spellcasting
 * Level 2.2 Conjurations
   Level 1.0 Summonings
 - Level 0.8 Translocations


You had 5 spell levels left.
You knew the following spells:

 Your Spells              Type           Power        Failure   Level  Hunger
a - Magic Dart            Conj           ####         1%          1    None
b - Blink                 Tloc           N/A          1%          2    ##.....

Your spell library contained the following spells:

 Spells                   Type           Power        Failure   Level  Hunger
 Call Imp                 Summ           ###.....     1%          2    ##.....
 Slow                     Hex            ###.....     2%          2    ##.....
 Conjure Flame            Conj/Fire      ###.....     3%          3    ###....
 Mephitic Cloud           Conj/Pois/Air  ###.....     3%          3    ###....


Dungeon Overview and Level Annotations

Branches:
Dungeon (2/15)

Altars:


Innate Abilities, Weirdness & Mutations

You are partially covered in slimy green scales. (AC +2)


Message History

You feel agile all of a sudden. The adder completely misses you.
The leopard gecko hisses menacingly.
Casting: Blink (safe; 1% risk of failure)
Confirm with . or Enter, or press ? or * to list all spells.
Aiming: Magic Dart (safe; 1% risk of failure)
Press: ? - help, Shift-Dir - straight line, f - adder
Aim: an adder The magic dart hits the adder.
The adder is lightly wounded.
The adder barely misses you.
Casting: Magic Dart (safe; 1% risk of failure)
Confirm with . or Enter, or press ? or * to list all spells.
Aiming: Magic Dart (safe; 1% risk of failure)
Press: ? - help, Shift-Dir - straight line, f/p - adder
Aim: an adder (lightly wounded)
The magic dart hits the adder!
The adder is severely wounded.
The adder misses you. The adder bites you.
You die...

###.♣P≈≈♣P≈≈≈≈≈♣P.# #.### ###
#...♣≈≈♣P≈P♣≈≈≈♣P.# #.# #>#
#..#♣♣≈≈≈P≈≈≈≈♣♣.#####.######.#
♣#.##.≈♣≈≈≈≈≈≈≈≈P.###..........#
...##.≈♣≈≈≈≈≈♣≈♣≈.....########.#
♣####..♣≈♣≈≈≈≈P.[....## #.#
#......P≈PP♣.......# ##.##
#.######≈♣♣###...### #.... #.#
### #@#.# #.... ###.# ###S#.####
##.PP♣ ....# #.hl#....# ###...♣♣
##### #.######.## #....PP♣ #
###.# ####..###..##P.P
############...###..........##.##
.........##.....#..###.###.###.#
.........#....h...## #.# #.# #.#
.........[....h..## #.###.# #.#


You could see an adder, a leopard gecko and a jackal.

Vanquished Creatures
  A dart slug (D:1)
  A leopard gecko (D:1)
  2 giant cockroaches
  6 goblins (D:1)
  2 hobgoblins (D:1)
  A jackal (D:1)
  5 kobolds
  2 bats (D:1)
  2 frilled lizards (D:1)
  A rat (D:1)
23 creatures vanquished.

Notes
Turn   | Place    | Note
-------+----------+-------------------------------------------
     0 | D:1      | Chiseanne the Demonspawn Wizard began the quest for the
                  | Orb.
     0 | D:1      | Reached XP level 1. HP: 13/13 MP: 4/4
   640 | D:1      | Gained mutation: You are partially covered in slimy green
                  | scales. (AC +2) [demonic ancestry]
   640 | D:1      | Reached XP level 2. HP: 12/19 MP: 0/6
  1829 | D:1      | Learned a level 2 spell: Blink
  1899 | D:1      | Slain by an adder

Levels and vault maps discovered:
D:1:      dpeg_arrival_chase, layout_rooms, serial_forest,
          infiniplex_forest_clump_double, infiniplex_forest_clump_small,
          infiniplex_forest_clump_tiny, infiniplex_forest_end_2,
          infiniplex_forest_clump_small, infiniplex_forest_straight_2,
          minmay_tree_intersection, serial_bayou_lake_a
D:2:      layout_rooms, serial_bayou_pond_a, uniq_robin

Skill      XL: |  1  2 |
---------------+-------+-----
Conjurations   | 2 |  2.2
Dodging        | |  1.7
Stealth        | |  1.7
Spellcasting   | |  3.5
Summonings     | |  1.0
Translocations | |  0.8

Action                   || total
-------------------------++-------
Melee: Unarmed           ||    32
       Club              ||     2
 Cast: Magic Dart        ||    56
       Blink             ||     1
  Use: Scroll            ||     5
       Potion            ||     3
  Eat: Chunk             ||     3
Armor: Robe              ||    12
Dodge: Dodged            ||    41

Table legend:
 A = Non-vault XP
 B = Vault XP
 C = Vault XP percentage of total XP
 D = Non-vault monster count
 E = Vault monster count
 F = Vault count percentage of total count
                 A         B        C        D         E       F
            +---------+---------+-------+---------+---------+-------
      Total |      40 |       0 |   0.0 |      23 |       0 |   0.0
            +---------+---------+-------+---------+---------+-------
        D:1 |      36 |       0 |   0.0 |      20 |       0 |   0.0
        D:2 |       4 |       0 |   0.0 |       3 |       0 |   0.0
            +---------+---------+-------+---------+---------+-------
